 Dungeon Crawl Stone Soup version 0.28-a0-1429-gf3d713df7a (webtiles) character file.

Game seed: 2948354420930935723

42 SensoryNuts the Skirmisher (level 3, 0/29 HPs)
             Began as a Demonspawn Fighter on Jan 8, 2022.
             Killed from afar by a dart slug (2 damage)
             ... with a slug dart
             ... on level 2 of the Dungeon.
             The game lasted 00:01:27 (964 turns).

SensoryNuts the Skirmisher (Demonspawn Fighter)      Turns: 964, Time: 00:01:28

Health: 0/29       AC:  6    Str: 18    XL:     3   Next: 33%
Magic:  3/3        EV:  9    Int:  9    God:
Gold:   69         SH:  0    Dex: 12    Spells: 2/2 levels left

rFire   . . .      SeeInvis .   a - +0 long sword
rCold   . . .      Faith    .   k - orb {mayhem}
rNeg    . . .      Spirit   .   b - +0 scale mail
rPois   .          Reflect  .   (no helmet)
rElec   .          Harm     .   (no cloak)
rCorr   .          Rampage  .   (no gloves)
Will    .....                   (no boots)
Stlth   ..........              (no amulet)
HPRegen 0.09/turn               (no ring)
MPRegen 0.08/turn               (no ring)

@: mighty, brilliant
A: hooves 2
a: no special abilities


You were on level 2 of the Dungeon.
You visited 1 branch of the dungeon, and saw 2 of its levels.

You collected 69 gold pieces.

Inventory:

Hand Weapons
 a - a +0 long sword (weapon)
Armour
 b - a +0 scale mail (worn)
 c - a +0 buckler
 k - an orb of mayhem (worn)
Scrolls
 e - a scroll of magic mapping {unknown}
 f - 2 scrolls of teleportation {unknown}
 h - a scroll of noise {unknown}
 i - 2 scrolls of identify {unknown}
 l - a scroll of fog {unknown}
 m - a scroll of immolation {unknown}


   Skills:
 + Level 3.5 Fighting
 + Level 2.3 Long Blades
 + Level 3.0 Armour
 + Level 2.9 Shields


You had 2 spell levels left.
You didn't know any spells.
Your spell library was empty.

Dungeon Overview and Level Annotations

Branches:
Dungeon (2/15)

Altars:

Shops:
D:2 (


Innate Abilities, Weirdness & Mutations

You have hoof-like feet.


Message History

The adder bites you but does no damage.
You slash the adder! Your kick misses the adder.
The adder is almost dead.
You feel sick. The adder bites you but does no damage.
You slash the adder!
You kill the adder!
You feel sick.
You are no longer poisoned.
The adder bites you but does no damage.
Your Armour skill increases to level 3!
You have reached level 3!
Your experience leads to an increase in your attributes!
Increase (S)trength, (I)ntelligence, or (D)exterity?
You feel stronger. x2; Your demonic ancestry asserts itself...
Your feet thicken and deform.
You hit the adder. Your kick misses the adder.
The adder is lightly wounded.
The adder barely misses you. x2
You closely miss the adder. Your kick misses the adder. The adder bites you.
* * * LOW HITPOINT WARNING * * *
The adder barely misses you.
You miss the adder. You kick the adder!
You kill the adder!
You closely miss the giant cockroach. You kick the giant cockroach.
You kill the giant cockroach!
The endoplasm flies into a frenzy!
The endoplasm hits the endoplasm but does no damage.
The endoplasm hits the endoplasm.
The endoplasm hits the endoplasm but does no damage.
The endoplasm closely misses you. The dart slug launches a dart at you.
The slug dart hits the endoplasm.
The endoplasm dies!
Things that are here:
an adder corpse; an adder corpse You slash the endoplasm!
You kill the endoplasm!
The dart slug launches a dart at you. The slug dart hits you.
You die...

.......... ..#.
.......... #..#.####
#+##+#... #..P♣....
.####....#.##
.P.≈≈P... ...........#
.≈≈≈≈.≈.#
#########..####
♣≈≈≈.≈≈P# #...#......#
♣.≈≈≈≈♣.###.#.......##
.≈.≈≈≈≈w.@......#####
..≈≈≈≈≈.###)#####
P≈≈≈≈≈≈.# #.#
..≈≈≈.≈####.#######
..≈.≈≈≈P..........#
#.♣≈≈≈P##########.#
#..♣... #.## #.####
#.[# ##.##


You could see a dart slug.

Vanquished Creatures
  2 adders (D:2)
  3 ball pythons
  2 endoplasms
  3 giant cockroaches (D:2)
  4 goblins
  A hobgoblin (D:1)
  2 jackals (D:2)
  A quokka (D:2)
  2 frilled lizards (D:1)
  2 kobolds (D:1)
  2 rats (D:1)
24 creatures vanquished.

Vanquished Creatures (others)
  An endoplasm (D:2)
  4 plants (D:2)
5 creatures vanquished.

Grand Total: 29 creatures vanquished

Notes
Turn   | Place    | Note
-------+----------+-------------------------------------------
     0 | D:1      | SensoryNuts the Demonspawn Fighter began the quest for the
                  | Orb.
     0 | D:1      | Reached XP level 1. HP: 18/18 MP: 1/1
   342 | D:1      | Discovered your monstrous ancestry.
   342 | D:1      | Gained mutation: You have large cloven feet. [demonic
                  | ancestry]
   342 | D:1      | Reached XP level 2. HP: 22/24 MP: 2/2
   826 | D:2      | Found Ovokkahi's Antique Weapon Shop.
   959 | D:2      | Gained mutation: You have hoof-like feet. [demonic
                  | ancestry]
   959 | D:2      | Reached XP level 3. HP: 6/29 MP: 3/3
   964 | D:2      | Killed from afar by a dart slug

Illustrated notes

Levels and vault maps discovered:
D:1:      matt_arrival_diagonals, layout_basic
D:2:      layout_basic, serial_bayou, serial_bayou_pond_a, serial_bayou_shore_a,
          serial_bayou_pond_b, serial_bayou_shore_b, serial_shops,
          nicolae_shop_crystal

Skill      XL: |  1  2 |
---------------+-------+-----
Long Blades    | 2 |  2.3
Armour         | 3 |  3.0
Fighting       | |  3.5
Shields        | |  2.9

Action                   || total
-------------------------++-------
Melee: Long sword        ||    65
       Kick              ||     9
  Use: Potion            ||     3
Armor: Scale mail        ||    41
Dodge: Dodged            ||    41
Block: Buckler           ||     6

Table legend: (Time is in decaauts)
 A = Elapsed time spent in this place.
 B = Non-inter-level travel time spent in this place.
 C = Inter-level travel time spent in this place.
 D = Time resting spent in this place.
 E = Time spent auto-exploring this place.
 F = Levels seen in this place.
 G = Mean time per level.
                   A        B        C        D        E       F      G
               +--------+--------+--------+--------+--------+-----+--------+
         Total |    985 |    970 |     15 |      0 |    791 |   2 |  492.5 |
       Dungeon |    985 |    970 |     15 |      0 |    791 |   2 |  492.5 |
               +--------+--------+--------+--------+--------+-----+--------+

Top non-repeatable levels by time:
     D:1: 602 daAuts
     D:2: 383 daAuts
